 Dungeon Crawl Stone Soup version 0.29.1-4-g47bece8355 (webtiles) character file.

Game seed: 8259432048160226068

219 Hercules1031 the Chopper (level 5, -1/48 HPs)
             Began as a Hill Orc Monk on Dec 7, 2022.
             Succumbed to a goblin's poison
             ... on level 3 of the Dungeon.
             The game lasted 00:10:47 (2068 turns).

Hercules1031 the Chopper (Hill Orc Monk)            Turns: 2068, Time: 00:10:47

Health: -1/48      AC: 16    Str: 16    XL:     5   Next: 96%
Magic:  5/5        EV: 10    Int: 10    God:
Gold:   11         SH:  0    Dex: 13    Spells: 4/4 levels left

rFire   . . .      SeeInvis .   a - +0 hand axe
rCold   . . .      Faith    .   (no shield)
rNeg    . . .      Spirit   .   b - +0 scale mail
rPois   .          Reflect  .   p - +0 helmet
rElec   .          Harm     .   f - +0 cloak
rCorr   .          Rampage  .   (no gloves)
Will    .....                   h - +2 pair of boots
Stlth   ..........              (no amulet)
HPRegen 0.16/turn               j - +4 ring of protection
MPRegen 0.09/turn               (no ring)

@: lethally poisoned (-1 -> -15)
A: no striking features
a: no special abilities


You were on level 3 of the Dungeon.
You visited 1 branch of the dungeon, and saw 3 of its levels.

You collected 74 gold pieces.
You spent 63 gold pieces at shops.

Inventory:

Hand Weapons
 a - a +0 hand axe (weapon)
Armour
 b - a +0 scale mail (worn)
 f - a +0 cloak (worn)
 h - a +2 pair of boots (worn)
 p - a +0 helmet (worn)
Jewellery
 j - a +4 ring of protection (left hand)
 n - a ring of poison resistance
Scrolls
 d - a scroll of fog {unknown}
 e - 2 scrolls of identify
 g - a scroll of magic mapping
 i - a scroll of poison {unknown}
Potions
 k - 2 potions of degeneration (quivered)
 l - a potion of invisibility {unknown}
 m - a potion of resistance {unknown}
 o - a potion of mutation {unknown}


   Skills:
 + Level 5.1 Fighting
 + Level 5.5 Axes
 * Level 3.9 Armour
 - Level 2.4 Dodging
 - Level 1.5 Stealth


You had 4 spell levels left.
You didn't know any spells.
Your spell library was empty.

Dungeon Overview and Level Annotations

Branches:
Dungeon (3/15)

Altars:

Shops:
D:1 *[[=

Annotations:
D:3 Robin, Terence


Message History

* * * LOW HITPOINT WARNING * * *
You feel very sick. The goblin hits you but does no damage.
Robin hits you but does no damage.
You are confused.
You feel invigorated.
You feel very sick.
The goblin hits you with a +2 dagger of venom.
* * * LOW HITPOINT WARNING * * *
Robin completely misses you.
You bump into the rock wall.
You feel sick. The goblin closely misses you. Robin closely misses you.
You hit the goblin.
The goblin is moderately wounded.
You feel less invigorated.
You feel less confused.
You feel sick.
The goblin hits you with a +2 dagger of venom.
You are lethally poisoned!
Terence says, "Did you write a will?
You should..."
You hit the goblin.
The goblin is severely wounded.
* * * LOW HITPOINT WARNING * * *
You feel very sick.
The goblin hits you with a +2 dagger of venom.
* * * LOW HITPOINT WARNING * * *
You are more poisoned.
You hit the goblin but do no damage.
The goblin is severely wounded.
* * * LOW HITPOINT WARNING * * *
You feel very sick. The goblin closely misses you. Robin barely misses you.
Unknown command.
You hit the goblin.
You kill the goblin!
* * * LOW HITPOINT WARNING * * *
You feel very sick. Robin throws the goblin at you!
You hit the goblin.
You kill the goblin!
You die...

,,,,*,,,****,*,,,,* *,#......#
,,,,+,,,,,,,>*,**,* #,#.###..#
,,,,********,*,**,* #.#.# #..#
,,,,* *,*,**,* #.#.# #..# *****
*,*,**,* #.#.###..#
*,*,*#.###........##
************,#,*#.............#
,,,,,,,,,,,#.#.########.####.##
**,,,,,,**,#...|@)......# #.#
*,****,,,,#.#g########## ###
**,******,,*.@,,,,,,,,,,*
,,,,,,,*,,...,*,,,*****,*
,,,,,,,*,#..g,,,,,* *,*
,,,,,,,*,#.*,,,,*,* *,*
**+*****,#,*<,,,*,* *,*
*,*****,,,,,*,,*,* *,*
*,*,,,,,*,*,,,,,,* *,*


You could see Terence (fast) and Robin.

Vanquished Creatures
  A black bear (D:2)
  Jessica (D:2)
  Ijyb (D:3)
  2 adders (D:2)
  4 dart slugs (D:2)
  3 bats (D:1)
  3 endoplasms (D:2)
  A giant cockroach (D:1)
  12 goblins
  6 hobgoblins
  3 jackals (D:2)
  2 kobolds
  2 quokkas
  3 frilled lizards
  2 rats (D:1)
46 creatures vanquished.

Notes
Turn   | Place    | Note
-------+----------+-------------------------------------------
     0 | D:1      | Hercules1031 the Hill Orc Monk began the quest for the Orb.
     0 | D:1      | Reached XP level 1. HP: 19/19 MP: 1/1
   109 | D:1      | Found Gomm's Jewellery Boutique.
   116 | D:1      | Found Nuideif's Armour Emporium.
   118 | D:1      | Found Nariogh's Armour Shop.
   267 | D:1      | Reached XP level 2. HP: 27/27 MP: 2/2
   273 | D:1      | Found Pulluol's General Store.
   624 | D:1      | Reached skill level 1 in Armour
   922 | D:2      | Noticed a black bear
  1079 | D:2      | Reached XP level 3. HP: 29/33 MP: 3/3
  1146 | D:2      | Noticed Jessica
  1163 | D:2      | Killed Jessica
  1164 | D:2      | Reached XP level 4. HP: 29/41 MP: 4/4
  1344 | D:2      | Killed a black bear
  1345 | D:2      | Reached skill level 5 in Fighting
  1345 | D:2      | Reached skill level 5 in Axes
  1345 | D:2      | Reached XP level 5. HP: 20/48 MP: 5/5
  1480 | D:2      | Found a faded altar of an unknown god.
  1935 | D:1      | Bought a +0 helmet for 63 gold pieces
  2021 | D:3      | Noticed Robin
  2021 | D:3      | Noticed Ijyb
  2041 | D:3      | Killed Ijyb
  2053 | D:3      | Noticed Terence
  2067 | D:3      | HP: 2/48 [poisoned by a goblin]
  2068 | D:3      | Succumbed to a goblin's poison

Illustrated notes

Levels and vault maps discovered:
D:1:      dpeg_arrival_fog, layout_loops_cross, serial_shops,
          nicolae_shop_crystal, nicolae_shop_advertising_works
          [nicolae_subvault_shop_adworks], shop, nicolae_shop_crystal,
          kennysheep_boxes
D:2:      layout_basic, shapermc_ecumenical_altar_ellora, uniq_jessica
D:3:      layout_basic, grunt_dithmenos_smoke, bh_walls_and_bars, uniq_terence,
          uniq_robin, uniq_ijyb

Skill      XL: |  1  2  3  4 |
---------------+-------------+-----
Fighting       | 4 5 |  5.1
Armour         | 1 2 3 |  3.9
Axes           | 5 |  5.5
Dodging        | |  2.4
Stealth        | |  1.5

Action                   |  1- 3 |  4- 6 || total
-------------------------+-------+-------++-------
Melee: Hand axe          |    82 |    89 ||   171
  Use: Scroll            |     1 |     2 ||     3
       Potion            |       |     2 ||     2
Armor: Robe              |     7 |       ||     7
       Scale mail        |    39 |    82 ||   121
       Leather armour    |     1 |       ||     1
Dodge: Dodged            |    51 |    59 ||   110
